 Dungeon Crawl Stone Soup version 0.19-a0-957-gf4ea323 (webtiles) character file.

3516 HAL9000 the Transmogrifier (level 9, -11/73 HPs)
             Began as a Grey Draconian Transmuter on July 10, 2016.
             Mangled by an ogre
             ... wielding a +0 giant club
              (31 damage)
             ... on level 8 of the Dungeon.
             The game lasted 00:20:39 (7673 turns).

HAL9000 the Transmogrifier (DrTm)                   Turns: 7673, Time: 00:20:40

Health: -11/73     AC: -2    Str: 14    XL:     9   Next: 81%
Magic:  0/12       EV: 24    Int: 19    God:
Gold:   343        SH:  0    Dex: 18    Spells: 4 memorised, 1 level left

rFire  . . .     SeeInvis .       - Unarmed
rCold  . . .     Gourm    .     (armour unavailable)
rNeg   . . .     Faith    .     (shield currently unavailable)
rPois  x         Spirit   +     (helmet currently unavailable)
rElec  .         Dismiss  .     (cloak currently unavailable)
rCorr  .         Reflect  .     (gloves currently unavailable)
SustAt .         Harm     .     (boots currently unavailable)
MR     .....                    C - amulet of guardian spirit
Stlth  ++........               Q - ring of wizardry
                                l - +5 ring of intelligence

@: spider-form, corroded, not resistant to hostile enchantments, unstealthy
A: (walk through water), unfitting armour, (unbreathing), (cold-blooded), AC +12
a: End Transformation


You were on level 8 of the Dungeon.
You were not hungry.
You were a venomous arachnid creature.
You visited 1 branch of the dungeon, and saw 9 of its levels.

You collected 343 gold pieces.

Inventory:

Missiles
 a - 58 arrows
 E - 6 tomahawks (quivered)
Armour
 q - a +0 pair of boots (melded)
 r - a +0 pair of gloves (melded)
 G - a +0 cloak (melded)
Jewellery
 l - a +5 ring of intelligence (left front leg)
 s - an uncursed ring of resist corrosion
 C - an amulet of guardian spirit (around neck)
 M - an uncursed amulet of dismissal
 Q - a ring of wizardry (right front leg)
Wands
 B - a wand of acid (3/15)
 O - a wand of iceblast (8/15)
Scrolls
 j - 4 scrolls of teleportation
 o - 4 scrolls of remove curse
 D - a scroll of recharging
 I - a scroll of blinking
 K - 2 scrolls of enchant weapon
 U - a scroll of magic mapping {unknown}
Potions
 g - a potion of brilliance
 w - 3 potions of might
 L - 2 potions of flight
 P - a potion of lignification {unknown}
 T - a potion of curing
Books
 b - a book of Changes

   Spells                             Type                      Level
   a - Beastly Appendage              Transmutation                1
   b - Sticks to Snakes               Transmutation                2
   c - Spider Form                    Transmutation/Poison         3
   d - Ice Form                       Ice/Transmutation            4
   e - Blade Hands                    Transmutation                5
 H - a book of the Sky

   Spells                             Type                      Level
   a - Summon Lightning Spire         Summoning/Air                4
   b - Airstrike                      Air                          4
   c - Silence                        Hexes/Air                    5
   d - Deflect Missiles               Charms/Air                   6
   e - Conjure Ball Lightning         Conjuration/Air              6
   f - Tornado                        Air                          9
Comestibles
 c - 5 bread rations
 f - 5 meat rations
 S - 3 fruits
 V - 2 chunks of flesh


   Skills:
 + Level 4.8 Fighting
 + Level 5.7 Dodging
 * Level 7.7 Unarmed Combat
 - Level 2.0 Spellcasting
 - Level 9.8 Transmutations


You had one spell level left.
You knew the following spells:

 Your Spells              Type           Power        Failure   Level  Hunger
a - Beastly Appendage     Tmut           #####.       1%          1    #......
b - Sticks to Snakes      Tmut           #####...     1%          2    ###....
c - Spider Form           Tmut/Pois      ###.......   10%         3    ###....
d - Blade Hands           Tmut           #####.....   12%         5    ######.


Dungeon Overview and Level Annotations

Branches:
Dungeon (9/15)             Temple (0/1) D:4
   Lair: D:8-11         Orc: D:9-12

Altars:
Fedhas
Kikubaaqudgha


Innate Abilities, Weirdness & Mutations

((You can walk through water.))
((Your dull iron-grey scales are very hard. (AC +12)))
Your body does not fit into most forms of armour.
((You can survive without breathing.))
((You are cold-blooded and may be slowed by cold attacks.))


Message History

The ogre is heavily wounded.
Your adder bites the jelly.
Your adder is burned by acid!
The orc wizard casts a spell.
The orc wizard flickers and vanishes!
Deactivating autopickup; reactivate with Ctrl-A.
The ooze completely misses your adder. The jelly closely misses your adder.
Your adder barely misses the jelly.
You hit the ogre but do no damage.
The ogre looks as sick as possible!
The ogre is heavily wounded.
The ogre closely misses you. The jelly completely misses you.
The ooze hits your adder but does no damage.
Your adder bites the jelly.
The acid corrodes your adder!
Your adder is burned by acid!
Your adder withers and dies!
The jelly quivers.
You hit the ogre but do no damage.
The ogre looks as sick as possible!
The ogre is severely wounded.
The jelly misses you. The jelly completely misses you.
The ogre hits you with a giant club!!
You die...

###.####.###J..........
...............#.......
O###.###(.#..$.........
.###.##......###.......
.K......###..##......
...K.(.###......J..
...K..........K.O#
(....##.....Ko.JJ# ##
###.###......KJOs###..#
....####...............#
........................
########..........######
..................#
.##..#####..).)...# .# #
#........# .# #<...)...#
.# ##########


You could see a big kobold, 2 ogres, 3 jellies, an ooze, an orc and 2 kobolds.

Vanquished Creatures
  Pikel (D:7)
  A yak (D:8)
  3 hungry ghosts
  An orc warrior (D:7)
  3 sky beasts
  A black bear (D:7)
  A phantom (D:7)
  An ice beast (D:7)
  4 ogres
  A centaur (D:8)
  A big kobold (D:8)
  3 giant frogs
  2 scorpions
  2 howler monkeys
  2 crimson imps
  A wasp zombie (D:7)
  4 hounds
  An orc priest (D:7)
  A centaur skeleton (D:5)
  3 jellies
  2 orc wizards
  2 worker ants
  2 hound zombies
  4 gnolls
  12 adders
  2 shadow imps
  4 oozes
  2 adder skeletons
  3 worms
  A dart slug (D:1)
  3 giant geckos
  19 orcs
  7 bats
  10 giant cockroaches
  20 goblins
  8 hobgoblins
  10 jackals
  5 quokkas
  2 ball pythons
  5 giant newts
  10 kobolds
  A quokka zombie (D:8)
  6 rats
  2 bushes (D:4)
  2 plants (D:4)
181 creatures vanquished.

Vanquished Creatures (collateral kills)
  A two-headed ogre (D:8)
  Sigmund (D:2)
  A slave (D:7)
  2 howler monkeys (D:8)
  An adder (D:2)
  2 kobolds (D:8)
  A rat (D:3)
9 creatures vanquished.

Vanquished Creatures (others)
  A human (D:2)
  A giant frog (D:7)
  An iguana (D:7)
  7 fungi (D:8)
10 creatures vanquished.

Grand Total: 200 creatures vanquished

Notes
Turn   | Place    | Note
-------+----------+-------------------------------------------
     0 | D:1      | HAL9000 the Draconian Transmuter began the quest for the Orb.
     0 | D:1      | Reached XP level 1. HP: 16/16 MP: 3/3
   297 | D:1      | Reached XP level 2. HP: 14/23 MP: 3/5
   303 | D:1      | Learned a level 2 spell: Sticks to Snakes
   621 | D:1      | Reached XP level 3. HP: 25/29 MP: 3/6
   838 | D:1      | Reached skill level 3 in Transmutations
  1235 | D:2      | Found a faded altar of an unknown god.
  1241 | D:2      | Noticed Sigmund
  1665 | D:2      | Learned a level 3 spell: Spider Form
  1795 | D:2      | Reached XP level 4. HP: 37/37 MP: 5/7
  1817 | D:2      | Killed Sigmund
  1817 | D:2      | Reached skill level 4 in Transmutations
  1817 | D:2      | Reached XP level 5. HP: 31/45 MP: 2/8
  1957 | D:2      | Found an ancient bone altar of Kikubaaqudgha.
  1958 | D:2      | Noticed a human
  1961 | D:2      | Killed a human
  2541 | D:3      | Reached XP level 6. HP: 40/51 MP: 9/9
  3301 | D:4      | Found a staircase to the Ecumenical Temple.
  3339 | D:4      | Reached skill level 5 in Transmutations
  4253 | D:5      | Entered Level 5 of the Dungeon
  4326 | D:5      | Your scales start taking on a dull iron-grey colour.
  4326 | D:5      | Reached XP level 7. HP: 59/59 MP: 10/10
  4326 | D:5      | Gained mutation: You can survive without breathing. [Grey Draconian growth]
  4777 | D:5      | Reached skill level 5 in Unarmed Combat
  4861 | D:5      | Reached skill level 6 in Transmutations
  5380 | D:6      | Found a blossoming altar of Fedhas.
  5460 | D:6      | Reached XP level 8. HP: 67/67 MP: 11/11
  5620 | D:6      | Reached skill level 7 in Transmutations
  5627 | D:6      | You fall through a shaft for 3 floors!
  5997 | D:8      | Reached skill level 8 in Transmutations
  6073 | D:7      | HP: 2/67 [acid (2)]
  6306 | D:7      | Noticed Pikel
  6326 | D:7      | HP: 1/67 [slave[Pikel] (4)]
  6331 | D:7      | Killed Pikel
  6331 | D:7      | Reached XP level 9. HP: 10/72 MP: 1/12
  6754 | D:7      | Reached skill level 9 in Transmutations
  6762 | D:7      | Paralysed by fainting for 12 turns
  6874 | D:7      | Learned a level 5 spell: Blade Hands
  6940 | D:7      | Reached skill level 5 in Dodging
  7673 | D:8      | Mangled by an ogre

Vault maps used:
D:1:      mrwooster_arrival_arrow, hangedman_decor_push
D:2:      first_bread, ecumenical_altar_2, minmay_item_behind_shaft,
          tgw_kikubaaqudgha, uniq_sigmund
D:3:      kennysheep_generic_room_2
D:4:      serial_forest, infiniplex_forest_straight_3,
          infiniplex_forest_clump_tiny, infiniplex_forest_join,
          infiniplex_forest_clump_cross, infiniplex_forest_lined_room_,
          infiniplex_forest_clump_large, infiniplex_forest_lined_2,
          infiniplex_forest_clump_curved, st_stairs_12
D:5:      minmay_ogre_servants
D:6:      serial_shops, nicolae_shop_window_shopping, fedhas_altar_1
D:7:      minivault_23, uniq_pikel
D:8:      lemuel_slime
D:9:      zin_treasury, david_orc_4, uniq_prince_ribbit1

Skill      XL: |  1  2  3  4  5  6  7  8  9 |
---------------+----------------------------+-----
Fighting       | 2 3 4 |  4.8
Transmutations | 3 4 5 6 8 9 |  9.8
Unarmed Combat | 4 5 6 7 |  7.7
Dodging        | 3 4 5 |  5.7
Spellcasting   | |  2.0

Action                   |  1- 3 |  4- 6 |  7- 9 || total
-------------------------+-------+-------+-------++-------
Melee: Unarmed           |   155 |   429 |   398 ||   982
       Tailslap          |    10 |    71 |    29 ||   110
       Headbutt          |    10 |    26 |    16 ||    52
       Kick              |     8 |     2 |       ||    10
       Punch             |       |     6 |     4 ||    10
 Cast: Beastly Appendage |    21 |    21 |    13 ||    55
       Sticks to Snakes  |     3 |     6 |    10 ||    19
       Spider Form       |       |     7 |    19 ||    26
       Blade Hands       |       |       |     1 ||     1
Evoke: Wand              |       |       |     1 ||     1
  Use: Scroll            |       |    10 |     5 ||    15
       Potion            |       |       |     4 ||     4
 Stab: Distracted        |       |       |     2 ||     2
  Eat: Chunk             |     3 |     9 |    15 ||    27
       Fruit             |       |     1 |       ||     1
       Royal jelly       |       |       |     3 ||     3
       Meat ration       |       |       |     1 ||     1
Armor: Skin              |    55 |    68 |   110 ||   233
Dodge: Dodged            |   126 |   143 |   324 ||   593
